 Dungeon Sprint DCSS version 0.29-a0-789-g7a8fcbc185 (webtiles) character file.

Game seed: 15096487964100001449

6694 mhtbhm the Severer (level 10, 0/99 HPs)
             Began as a Minotaur Monk on July 2, 2022.
             Was the Champion of Qazlal.
             Slain by a freezing wraith (20 damage)
             ... in the Dungeon (Sprint VII: "The Pits").
             The game lasted 00:03:32 (1940 turns).

mhtbhm the Severer (Minotaur Monk)                  Turns: 1940, Time: 00:03:33

Health: 0/99       AC: 18    Str: 19    XL:     10   Next: 74%
Magic:  10/17      EV: 11    Int: 13    God:    Qazlal [******]
Gold:   0          SH:  8    Dex: 14    Spells: 9/9 levels left

rFire   . . .      SeeInvis .   a - +1 broad axe (freeze)
rCold   . . .      Faith    .   (no shield)
rNeg    . . .      Spirit   .   b - +3 scale mail
rPois   .          Reflect  .   (helmet restricted)
rElec   .          Harm     .   (no cloak)
rCorr   .          Rampage  .   t - +0 pair of gloves
Will    .....      NoTele   +   s - +0 pair of boots
Stlth   +.........              (no amulet)
HPRegen 0.26/turn               n - +3 ring of intelligence
MPRegen 0.15/turn               o - +3 ring of intelligence

@: protected from physical damage, hasted and slowed, constricted, repel
missiles
A: horns 2, retaliatory headbutt
a: Renounce Religion, Upheaval, Elemental Force, Disaster Area


You were in the Dungeon.
You worshipped Qazlal.
Qazlal was exalted by your worship.
You visited 1 branch

Inventory:

Hand Weapons
 a - a +1 broad axe of freezing (weapon)
Missiles
 m - 5 poisoned darts (quivered)
Armour
 b - a +3 scale mail (worn)
 s - a +0 pair of boots (worn)
 t - a +0 pair of gloves (worn)
Jewellery
 n - a +3 ring of intelligence (left hand)
 o - a +3 ring of intelligence (right hand)
Scrolls
 k - 5 scrolls of amnesia
 l - a scroll of summoning
Potions
 c - a potion of ambrosia
 d - 5 potions of curing
 e - 2 potions of heal wounds
 g - 4 potions of magic
 h - 4 potions of berserk rage
 j - 2 potions of invisibility
 p - 2 potions of might
 q - 2 potions of resistance
 r - a potion of mutation


   Skills:
 + Level 12.4 Fighting
 + Level 16.8 Axes
 + Level 12.3 Armour
 + Level 9.9 Dodging
 + Level 4.5 Stealth
 + Level 9.4 Shields
 * Level 11.6 Invocations


You had 9 spell levels left.
You didn't know any spells.
Your spell library was empty.

Dungeon Overview and Level Annotations

Branches:
Dungeon (1/1)

Altars:
Ashenzari
Cheibriados
Dithmenos
Elyvilon
Fedhas
Gozag
Hepliaklqana
Kikubaaqudgha
Makhleb
Nemelex Xobeh
Okawaru
Qazlal
Ru
Sif Muna
Trog
Uskayaw
Vehumet
Wu Jian
Xom
Yredelemnul
Zin
The Shining One
Jiyva
Lugonu

Annotations:
D Erica


Innate Abilities, Weirdness & Mutations

You have a pair of horns on your head.
You reflexively headbutt those who attack you in melee.


Message History

The jumping spider leaps!
The anaconda bites you.
* * * LOW HITPOINT WARNING * * *
The anaconda constricts you.
Unknown command.
You feel much better.
You hear a chilling moan.
The anaconda bites you!
Your resistance to cold fades away.
You feel protected from physical attacks.
The anaconda constricts you.
The freezing wraith hits you but does no damage.
The freezing wraith barely misses you.
You barely miss the freezing wraith.
The freezing wraith is lightly damaged.
You miss the anaconda.
The anaconda bites you but does no damage.
The anaconda constricts you.
The jumping spider leaps!
The anaconda barely misses you. You furiously retaliate!
You headbutt the anaconda! The anaconda constricts you.
You block the freezing wraith's attack.
The freezing wraith hits you but does no damage.
A hellwing comes into view.
Unknown command.
You slash the freezing wraith!
The freezing wraith is moderately damaged.
You barely miss the anaconda.
The jumping spider leaps!
You block the anaconda's attack. The anaconda constricts you.
You slash the freezing wraith! You headbutt the freezing wraith.
The freezing wraith is heavily damaged.
You slash something! You freeze something. You slash the anaconda!
You freeze the anaconda.
The jumping spider leaps!
The anaconda bites you.
* * * LOW HITPOINT WARNING * * *
The anaconda constricts you.
* * * LOW HITPOINT WARNING * * *
You hear some strange, mumbled words.
Something tries to affect you, but you resist.
The freezing wraith hits you.
* * * LOW HITPOINT WARNING * * *
The freezing wraith freezes you!!
You die...

...............#
.....#..#......#
...............+
...............+
.....#..#......#
...............#
##'#####''######
......##''##############
......##.†....#.@S'{...##
......##....###°†W###..)#
..<...##...##.+.○.○.##..s..#
......##..##..##'##○.##..l##
......##..#..##...##))§...#
......##..#..#.....#.)#°..#
########.÷'..')....+ .'...+
########..#..#.....# #4..#
.#....##..#..##.).## e..#


You could see an anaconda, a hellwing and a freezing wraith.

Vanquished Creatures
  3 deep elf knights (D)
  A deep troll (D)
  A deep elf archer (D)
  2 lindwurms (D)
  A deep elf pyromancer (D)
  A deep elf zephyrmancer (D)
  A cyclops (D)
  An orc sorcerer (D)
  A smoke demon (D)
  An unseen horror (D)
  A tarantella (D)
  A large abomination (D)
  A wyvern (D)
  Edmund (D)
  A water moccasin (D)
  An orc warrior (D)
  2 ice beasts (D)
  A wolf (D)
  An ogre (D)
  A phantom (D)
  A kobold brigand (D)
  A gnoll sergeant (D)
  A hound (D)
  An orc priest (D)
  A mummy (D)
  A white imp (D)
  2 ufetubi (D)
  3 orcs (D)
  A bat skeleton (D)
  2 endoplasms (D)
  2 jackals (D)
  A quokka (D)
  A ball python (D)
  2 bats (D)
  2 goblins (D)
  A rat (D)
47 creatures vanquished.

Vanquished Creatures (others)
  A river rat (D)
1 creature vanquished.

Grand Total: 48 creatures vanquished

Notes
Turn   | Place    | Note
-------+----------+-------------------------------------------
     0 | D        | mhtbhm the Minotaur Monk began the quest for the Orb.
     0 | D        | Reached XP level 1. HP: 19/19 MP: 0/0
    21 | D        | Found a bloodstained altar of Trog.
    21 | D        | Found a shimmering blue altar of Sif Muna.
    21 | D        | Found a viscous altar of Jiyva.
    21 | D        | Found a hazy altar of Hepliaklqana.
    21 | D        | Found an opulent altar of Gozag.
    22 | D        | Found a glowing golden altar of the Shining One.
    22 | D        | Found a glowing silver altar of Zin.
    22 | D        | Found a basalt altar of Yredelemnul.
    22 | D        | Found a shimmering altar of Xom.
    22 | D        | Found an ornate altar of the Wu Jian Council.
    22 | D        | Found a sacrificial altar of Ru.
    22 | D        | Found a stormy altar of Qazlal.
    22 | D        | Found an iron altar of Okawaru.
    22 | D        | Found a sparkling altar of Nemelex Xobeh.
    22 | D        | Found a burning altar of Makhleb.
    22 | D        | Found a blossoming altar of Fedhas.
    22 | D        | Found a white marble altar of Elyvilon.
    22 | D        | Found a shadowy altar of Dithmenos.
    22 | D        | Found a snail-covered altar of Cheibriados.
    24 | D        | Found a radiant altar of Vehumet.
    24 | D        | Found a corrupted altar of Lugonu.
    25 | D        | Found a hide-covered altar of Uskayaw.
    25 | D        | Found an ancient bone altar of Kikubaaqudgha.
    25 | D        | Found a broken altar of Ashenzari.
    30 | D        | Became a worshipper of Qazlal Stormbringer
    30 | D        | Reached * piety under Qazlal
    30 | D        | Reached ** piety under Qazlal
    75 | D        | Reached skill level 4 in Axes
   100 | D        | Reached *** piety under Qazlal
   101 | D        | Reached skill level 1 in Invocations
   204 | D        | Reached XP level 2. HP: 28/28 MP: 1/1
   208 | D        | Reached **** piety under Qazlal
   279 | D        | Noticed an ice beast
   280 | D        | Noticed a kobold brigand
   291 | D        | Reached skill level 5 in Fighting
   291 | D        | Reached skill level 5 in Axes
   291 | D        | Reached skill level 5 in Dodging
   291 | D        | Reached XP level 3. HP: 19/36 MP: 3/3
   292 | D        | Noticed a water moccasin
   295 | D        | Killed a kobold brigand
   296 | D        | Reached skill level 6 in Axes
   296 | D        | Reached skill level 1 in Shields
   296 | D        | Reached XP level 4. HP: 36/45 MP: 3/5
   299 | D        | Reached ***** piety under Qazlal
   314 | D        | Killed a water moccasin
   315 | D        | Reached skill level 8 in Axes
   315 | D        | Reached XP level 5. HP: 20/52 MP: 4/7
   317 | D        | Killed an ice beast
   318 | D        | Reached skill level 5 in Invocations
   318 | D        | Reached XP level 6. HP: 18/61 MP: 4/9
   566 | D        | Reached skill level 9 in Axes
   593 | D        | Reached XP level 7. HP: 24/69 MP: 10/10
   601 | D        | Reached ****** piety under Qazlal
   602 | D        | Reached skill level 10 in Axes
   866 | D        | Noticed a deep troll
   866 | D        | Noticed a cyclops
   886 | D        | Killed a deep troll
   887 | D        | Reached skill level 11 in Axes
   887 | D        | Reached skill level 5 in Shields
   887 | D        | Reached XP level 8. HP: 79/79 MP: 10/12
   889 | D        | Killed a cyclops
   890 | D        | Reached skill level 10 in Fighting
   890 | D        | Reached skill level 12 in Axes
  1055 | D        | Noticed a lindwurm
  1063 | D        | Killed a lindwurm
  1064 | D        | Reached skill level 13 in Axes
  1064 | D        | Reached XP level 9. HP: 39/86 MP: 14/14
  1277 | D        | Noticed a smoke demon
  1282 | D        | Killed a smoke demon
  1339 | D        | Noticed a deep elf pyromancer
  1345 | D        | Killed a deep elf pyromancer
  1346 | D        | Reached skill level 14 in Axes
  1461 | D        | Noticed a lindwurm
  1466 | D        | Killed a lindwurm
  1467 | D        | Reached skill level 10 in Armour
  1467 | D        | Reached skill level 10 in Invocations
  1673 | D        | Noticed Edmund
  1680 | D        | Killed Edmund
  1711 | D        | Killed an unseen horror
  1712 | D        | Reached skill level 15 in Axes
  1712 | D        | Reached XP level 10. HP: 43/96 MP: 16/16
  1920 | D        | Noticed a deep elf zephyrmancer
  1920 | D        | Noticed an orc sorcerer
  1920 | D        | Noticed a vampire knight
  1921 | D        | Noticed a deep elf archer
  1921 | D        | Noticed a deep elf knight
  1921 | D        | Noticed an anaconda
  1924 | D        | Killed an orc sorcerer
  1924 | D        | Noticed Erica
  1924 | D        | Noticed a deep elf knight
  1929 | D        | Noticed a deep elf knight
  1933 | D        | Killed a deep elf zephyrmancer
  1933 | D        | Killed a deep elf knight
  1933 | D        | Killed a deep elf archer
  1933 | D        | Killed a deep elf knight
  1933 | D        | Killed a deep elf knight
  1934 | D        | Reached skill level 16 in Axes
  1940 | D        | Slain by a freezing wraith

Illustrated notes

Levels and vault maps discovered:
D:        pitsprint [storerooms_1, entrance_room_1, metal_vault_6, armoury_3,
          mini_pit_1, grid_room_1, main_hall_1, silver_pit, the_coven_1,
          the_vestibule_1, steel_vault_1, golden_pit, hallway_of_sentries,
          crystal_vault_4, iron_vault_2, final_vault]

Skill      XL: |  1  2  3  4  5  6  7  8  9 10 |
---------------+-------------------------------+-----
Fighting       | 4 5 6 7 8 9 10 11 12 | 12.4
Axes           | 4 5 6 8 9 11 13 15 16 | 16.8
Invocations    | 1 2 3 4 5 6 7 9 10 11 | 11.6
Dodging        | 4 5 6 7 8 9 |  9.9
Stealth        | 2 3 4 |  4.5
Shields        | 1 2 3 4 5 7 8 9 |  9.4
Armour         | 2 3 6 8 10 12 | 12.3

Action                   |  1- 3 |  4- 6 |  7- 9 | 10-12 || total
-------------------------+-------+-------+-------+-------++-------
Melee: Hand axe          |    27 |    52 |    28 |       ||   107
       Headbutt          |     3 |     8 |    20 |     1 ||    32
       Punch             |       |     1 |     1 |       ||     2
       Broad axe         |       |       |    41 |    12 ||    53
Invok: Disaster Area     |       |       |       |     1 ||     1
  Use: Potion            |     2 |     2 |     1 |     5 ||    10
       Scroll            |       |       |       |     1 ||     1
 Stab: Sleeping          |     1 |       |       |       ||     1
Armor: Robe              |     5 |       |       |       ||     5
       Scale mail        |     5 |    10 |    36 |    16 ||    67
Dodge: Dodged            |    25 |    19 |    32 |     5 ||    81
Block: Other             |     9 |    14 |    25 |     6 ||    54

Table legend: (Time is in decaauts)
 A = Elapsed time spent in this place.
 B = Non-inter-level travel time spent in this place.
 C = Inter-level travel time spent in this place.
 D = Time resting spent in this place.
 E = Time spent auto-exploring this place.
 F = Levels seen in this place.
 G = Mean time per level.
                   A        B        C        D        E       F      G
               +--------+--------+--------+--------+--------+-----+--------+
         Total |   1934 |   1934 |      0 |   1367 |     88 |   1 | 1934.0 |
       Dungeon |   1934 |   1934 |      0 |   1367 |     88 |   1 | 1934.0 |
               +--------+--------+--------+--------+--------+-----+--------+

Top non-repeatable levels by time:
       D: 1934 daAuts
